woodfighter, neutral female scurrid Tourist --------- |...u.... |.@.f)..| |)....... -------.- woodfighter the Sightseer Experience level: 5 Strength: 15 Dexterity: 8 Constitution: 14 Intelligence: 16 Wisdom: 9 Charisma: 16 Health: 0(30) Energy: 14(14) Def: 1 Gold: 2210 Moves: 1847 Dungeon seed: kSCjXHoce1CNpd0v Game ID: woodfighter_1519336364 Your Inventory: Coins $ - 2210 gold pieces Amulets Q - an uncursed amulet versus poison (being worn) Weapons m - 33 +2 darts (in quiver) p - 11 blessed +2 darts C - 57 +0 darts D - a cursed -5 dart Armor e - an uncursed +0 Hawaiian shirt (being worn) q - an uncursed +0 pair of leather gloves (being worn) Y - an uncursed +2 pair of jumping boots Comestibles b - 7 uncursed food rations c - 2 uncursed tripe rations f - an uncursed lembas wafer h - 2 uncursed apples w - 2 uncursed lichen corpses E - an uncursed fortune cookie R - an uncursed carrot S - 2 uncursed sprigs of wolfsbane W - an uncursed cream pie Scrolls a - a cursed scroll of water g - an uncursed scroll of enchant weapon j - 2 uncursed scrolls of magic mapping k - 2 blessed scrolls of magic mapping s - an uncursed scroll of teleportation t - an uncursed scroll of identify v - an uncursed scroll of remove curse T - an uncursed scroll of enchant armor X - an uncursed scroll of light Spellbooks H - an uncursed spellbook of polymorph Z - an uncursed spellbook of protection Potions i - 2 uncursed potions of extra healing r - a potion of holy water z - an uncursed potion of object detection J - an uncursed potion of monster detection M - a cursed potion of sickness V - an uncursed potion of acid Wands n - a wand of secret door detection (0:11) u - a cursed wand of lightning (0:6) B - a wand of create monster (0:14) U - a cursed wand of enlightenment (0:15) Tools l - an expensive camera (0:32) o - an uncursed oil lamp (0:1366) y - an uncursed credit card N - an uncursed oil lamp (0:1133) Spells and supernatural/magical abilities: Name Level Category Fail Memory W - pray for help -- divine ? -- Your skills at the end: Miscellaneous Skills wands [Basic] Weapon Skills dart [Basic] Spellcasting Skills Final Attributes: You were devoutly aligned. You were poison resistant. You were telepathic. You had infravision. You were stealthy. You are dead. Vanquished creatures: a housecat 2 Woodland-elves an ape 3 Mordor orcs 2 fog clouds a floating eye a kitten an iguana 3 rothes a werejackal a hobbit 2 geckos a hobgoblin a red mold 3 jackals a kobold 4 newts 2 goblins a sewer rat 12 grid bugs 6 lichens 50 creatures vanquished. Voluntary challenges: You did not cause conflict. You were not invisible. You did not have reflection. You were not displaced. You never hit with a wielded weapon. You did not apply a unicorn horn. You did not use plumbed fixtures. You did not drink any magical draughts. You were illiterate. You never genocided any monsters. You never polymorphed an object. You never changed form. You used no wishes. You never split a pudding. You never wrote Elbereth's name. You never violated your personal moral code. Dungeon overview: The Dungeons of Doom: levels 1 to 7 Level 1 a sink a long staircase Level 2 a jewelry store, a sink Level 3 stairs to The Gnomish Mines Level 4 an altar to Blind Io Level 5 an armor shop, some fountains Level 6 a sink Level 7 <- You were here The Gnomish Mines: Level 4 stairs to The Dungeons of Doom History has recorded: On T:1 you entered the Dungeons of Doom to retrieve the Amulet of Yendor! On T:177 you reached level 2 of The Dungeons of Doom. On T:351 you reached level 3 of The Dungeons of Doom. On T:374 you advanced to experience level 2. On T:571 you advanced to experience level 3. On T:575 you reached level 4 of The Dungeons of Doom. On T:685 you reached level 1 of The Gnomish Mines. On T:902 you reached level 5 of The Dungeons of Doom. On T:1083 you advanced to experience level 4. On T:1202 you reached level 6 of The Dungeons of Doom. On T:1572 you advanced to experience level 5. On T:1774 you reached level 7 of The Dungeons of Doom. On T:1815 you prayed to The Lady. Score breakdown: Gold: 2153 ( 215 points) Experience: 5 levels ( 400 points) Exploration: 7 levels ( 180 points) Discoveries: 20 items ( 1000 points) Variety of kills: 21 monsters ( 1050 points) Major goal: (nothing yet) ( 0 points) Survival: died (score multiplied by 3) Total score: 8535 Latest messages: The dart hits the Woodland-elf! The Woodland-elf wields a runed broadsword! The runed broadsword grows roots right in to the Woodland-elf's hand! You see here a runed dagger named Dagger of Redress. The Woodland-elf picks up 3 +2 darts. The dart hits the Woodland-elf. You kill the Woodland-elf! There are a few objects here. Kitty picks up a runed dagger named Dagger of Redress. m - a +2 dart (in quiver). m - 2 +2 darts (in quiver). m - 5 +2 darts (in quiver). X - a scroll labeled HAPAX LEGOMENON. There are several more objects here. m - 2 +2 darts (in quiver). You see here a poisoned runed arrow. m - a +2 dart (in quiver). Kitty eats a Woodland-elf corpse. m - 4 +2 darts (in quiver). m - a +2 dart (in quiver). m - 5 +2 darts (in quiver). You have a little trouble lifting a - a scroll labeled THARR. There are a few more objects here. A trap door in the ceiling opens and a rock falls on your head! You die... Final status: Aloha woodfighter the Tourist, killed by a falling rock... You died in The Dungeons of Doom on dungeon level 7 with 8535 points, and 2210 pieces of gold, after 1847 moves. You were level 5 with a maximum of 30 hit points when you died.